 Dungeon Crawl Stone Soup version 0.27.1-33-g824d729ab1 (webtiles) character file.

Game seed: 6788217313294731386

1886 belegose the Skirmisher (level 9, -8/65 HPs)
             Began as a Djinni Gladiator on Dec 9, 2021.
             Was a Follower of Makhleb.
             Mangled by a hornet (14 damage)
             ... on level 5 of the Dungeon.
             The game lasted 00:23:59 (12387 turns).

belegose the Skirmisher (Djinni Gladiator)         Turns: 12387, Time: 00:24:00

Health: -8/65      AC:  4    Str: 13    XL:     9   Next: 37%
Gold:   306        EV: 13    Int: 13    God:    Makhleb [*.....] SH:  0 Dex: 15

rFire    + + .     SeeInvis .   w - +4 dagger (venom)
rCold    x . .     Faith    .   (no shield)
rNeg     . . .     Spirit   .   o - +0 leather armour
rPois    ∞         Reflect  .   p - +1 hat
rElec    .         Harm     .   (no cloak)
rCorr    .         Rampage  .   (no gloves)
Will     .....                  (boots unavailable)
Stlth    +.........             (no amulet)
HPRegen  0.20/turn              (no ring)
MPRegen  0.00/turn              (no ring)

@: brilliant, flying
A: sickness immunity, fire resistance 2, cold vulnerability 1, float, innate
caster, hp casting, extra vitality 1
a: Renounce Religion


You were on level 5 of the Dungeon.
You worshipped Makhleb.
Makhleb was aware of your devotion.
You visited 2 branches of the dungeon, and saw 7 of its levels.
You also visited: Ossuary.

You collected 306 gold pieces.

Inventory:

Hand Weapons
 a - a +0 long sword
 b - a +1 short sword of electrocution
 w - a +4 dagger of venom (weapon)
Missiles
 d - 3 throwing nets
 j - 36 bolts
 k - 106 stones
 l - 5 boomerangs (quivered)
 q - 2 poisoned darts
Armour
 o - a +0 leather armour (worn)
 p - a +1 hat (worn)
Wands
 x - a wand of paralysis (12)
 A - a wand of acid (5)
Scrolls
 e - a scroll of fog
 f - a scroll of noise
 g - 10 scrolls of identify {unknown}
 i - a scroll of enchant armour {unknown}
 s - a scroll of immolation {unknown}
 t - a scroll of blinking {unknown}
 v - a scroll of magic mapping
 y - a scroll of silence {unknown}
 z - a scroll of teleportation {unknown}
Potions
 c - a potion of lignification {unknown}
 h - 2 potions of brilliance
 n - a potion of curing {unknown}
 r - a potion of flight {unknown}
 u - a potion of ambrosia {unknown}


   Skills:
 + Level 5.3 Fighting
 + Level 3.5(4.3) Short Blades
 - Level 3.7(4.4) Long Blades
 + Level 4.3 Throwing
 + Level 3.8 Armour
 - Level 4.5 Dodging
 + Level 3.2 Spellcasting
 + Level 3.3 Invocations


You had 5 spell levels left.
You knew the following spells:

 Your Spells              Type           Power      Damage    Failure   Level
a - Sandblast             Erth           30%        2d9       8%          1
b - Poisonous Vapours     Pois/Air       30%        N/A       11%         2
c - Tukima's Dance        Hex            15%        N/A       22%         3
d - Ozocubu's Armour      Ice            15%        N/A       22%         3
Your spell library was empty.

Dungeon Overview and Level Annotations

Branches:
Dungeon (6/15)             Temple (1/1) D:4         Ossuary (visited)

Altars:
Ashenzari
Cheibriados
Dithmenos
Elyvilon
Fedhas
Gozag
Hepliaklqana
Kikubaaqudgha
Makhleb
Nemelex Xobeh
Okawaru
Qazlal
Ru
Sif Muna
Trog
Uskayaw
Vehumet
Wu Jian
Xom
Yredelemnul
Zin
The Shining One

Annotations:
D:5 1 runed translucent door, exclusion: door, Fractals's ghost, novice DsBe
D:6 2 transporters


Innate Abilities, Weirdness & Mutations

You are immune to sickness and miasma.
You are immune to poison.
Your flesh is very heat resistant. (rF++)
You are vulnerable to cold. (rC-)
You float through the air rather than walking.
You learn spells naturally, not from books.
Your magical power is your life essence.
You have superior vitality. (+4 HP)


Message History

The hornet is heavily wounded.
The water moccasin bites you but does no damage.
The hornet stings you but does no damage.
You miss the hornet.
The hornet is heavily wounded.
The water moccasin bites you. The hornet closely misses you.
You completely miss the hornet.
The hornet is heavily wounded.
The water moccasin closely misses you. The hornet stings you!
* * * LOW HITPOINT WARNING * * *
The water moccasin barely misses you.
Unknown command.
You barely miss the hornet.
The hornet is heavily wounded.
The hornet barely misses you. The water moccasin barely misses you.
The hornet stings you!
* * * LOW HITPOINT WARNING * * *
Unknown command.
You feel much better. The water moccasin barely misses you.
The hornet stings you.
* * * LOW HITPOINT WARNING * * *
Unknown command.
As you read the scroll labelled SUCAOCL UNATS, it crumbles to dust.
The scroll dissolves into smoke.
It was a scroll of fog.
The water moccasin misses you. The hornet misses you.
The water moccasin bites you.
* * * LOW HITPOINT WARNING * * *
The hornet stings you but does no damage.
As you read the scroll labelled LEHOEMMOR NADI, it crumbles to dust.
You hear a loud clanging noise!
It was a scroll of noise.
You hear an angry hiss.
The hornet stings you!
* * * LOW HITPOINT WARNING * * *
The water moccasin barely misses you.
As you read the scroll labelled TATZER CUMNO, it crumbles to dust.
You feel momentarily disoriented.
It was a scroll of magic mapping.
The hornet misses you. The water moccasin barely misses you.
The hornet stings you!
You die...

#########....##...#...........###
##≈≈##..#...#.............#######
#.≈≈.#..#.###........###..#≈$≈≈WS
#.≈≈.#..#...<........#.#.########
#.≈≈.#..#................##..#...
#.≈≈.#..#...........#....#...#.##
#.≈≈.#..#..##....§.........##..##
#.≈≈.#..#.##...y§§§........†...#.
#.≈≈.'..#.###..§@§§..............
#.≈≈.##'#....§§§§S§............#.
#.≈≈{#..##..#.§§§§.......##....#.
#.≈≈.#8.#..##.#.........####..†..
#.≈≈.##.#.###...........#⌠⌠#.....
#.≈≈.##)#..#...........##__##....
#.≈≈.##.####...........#8..≈#...#
#.≈≈.#..#.#............##''##...#
#.≈≈.#8.#.#............##..##..##


You could see a hornet and a water moccasin.

Vanquished Creatures
  Prince Ribbit (D:6)
  A steam dragon (D:5)
  A necrophage (D:6)
  A sky beast (D:5)
  An ogre (D:5)
  3 black bears
  2 bullfrogs (D:5)
  3 scorpions
  A jelly (D:5)
  3 hounds (D:5)
  2 orc priests (D:3)
  3 iguanas (D:4)
  A gnoll shaman (D:3)
  An orc wizard (D:5)
  3 mummies
  A howler monkey zombie (D:5)
  Robin (D:1)
  10 gnolls
  A howler monkey skeleton (D:5)
  12 adders
  A white imp (D:3)
  An ufetubus (D:5)
  An adder zombie (D:5)
  A worm (D:3)
  2 dart slugs
  24 orcs
  7 endoplasms
  7 giant cockroaches
  17 goblins
  10 hobgoblins
  7 jackals
  2 quokkas
  3 ball pythons
  4 bats
  2 frilled lizards
  4 hobgoblin zombies
  6 kobolds
  An orc zombie (D:4)
  12 rats
164 creatures vanquished.

Vanquished Creatures (others)
  An ufetubus (D:6)
1 creature vanquished.

Grand Total: 165 creatures vanquished

Notes
Turn   | Place    | Note
-------+----------+-------------------------------------------
     0 | D:1      | belegose the Djinni Gladiator began the quest for the Orb.
     0 | D:1      | Reached XP level 1. HP: 18/18 MP: 0/0
   163 | D:1      | Reached XP level 2. HP: 23/23 MP: 0/0
   774 | D:1      | Reached XP level 3. HP: 27/28 MP: 0/0
   774 | D:1      | Learned a level 1 spell: Sandblast
  1571 | D:2      | Reached XP level 4. HP: 31/34 MP: 0/0
  1939 | D:2      | Noticed Robin
  2305 | D:2      | Reached XP level 5. HP: 35/40 MP: 0/0
  2305 | D:2      | Learned a level 2 spell: Poisonous Vapours
  2557 | D:1      | Killed Robin
  3349 | D:2      | Reached skill level 3 in Fighting
  4261 | D:3      | Found a sparkling altar of Nemelex Xobeh.
  4441 | D:3      | Reached XP level 6. HP: 46/46 MP: 0/0
  4977 | D:3      | Reached skill level 1 in Spellcasting
  6403 | D:4      | Reached XP level 7. HP: 15/50 MP: 0/0
  6403 | D:4      | Learned a level 3 spell: Tukima's Dance
  6702 | D:4      | Reached skill level 1 in Armour
  6806 | D:4      | Found a staircase to the Ecumenical Temple.
  6816 | D:4      | Reached skill level 1 in Short Blades
  7684 | D:5      | Entered Level 5 of the Dungeon
  7737 | Temple   | Entered the Ecumenical Temple
  7931 | Temple   | Became a worshipper of Makhleb the Destroyer
  9675 | D:4      | Reached skill level 4 in Fighting
  9675 | D:4      | Reached skill level 1 in Invocations
 10306 | D:5      | Reached XP level 8. HP: 58/58 MP: 0/0
 10541 | D:5      | Reached * piety under Makhleb
 10860 | D:5      | Found a bloodstained altar of Trog.
 11307 | D:5      | Found a runed translucent door.
 11323 | D:5      | Reached XP level 9. HP: 63/64 MP: 0/0
 11323 | D:5      | Learned a level 3 spell: Ozocubu's Armour
 11357 | D:5      | Found a shadowy altar of Dithmenos.
 11357 | D:5      | Found a stormy altar of Qazlal.
 11374 | D:5      | Noticed Fractals's ghost (novice DsBe)
 11409 | D:6      | Found a transporter.
 11410 | D:6      | Found a transporter.
 11441 | D:6      | Reached skill level 5 in Fighting
 11449 | D:6      | Noticed Prince Ribbit
 11615 | D:6      | Found a sand-covered staircase.
 11623 | Ossuary  | Entered an ossuary
 12315 | D:6      | Killed Prince Ribbit
 12360 | D:6      | Noticed a hornet
 12387 | D:5      | Mangled by a hornet

Illustrated notes

Levels and vault maps discovered:
D:1:      scummos_arrival_simple_fountains, layout_basic,
          minmay_worlds_worst_comb
D:2:      layout_loops_ring, uniq_robin
D:3:      layout_loops_ring, nicolae_overflow_crystal_walls, roderic_lattice_a,
          small_statue_intersection, minivault_14, minmay_quadrilaterals
D:4:      layout_loops_corners, minmay_temple_entry_statues, minmay_mini_ossuary
D:5:      wad_river_or_something, layout_cave_pools, trog_ov_bears_minmay,
          gammafunk_temple_overflow_wave, ebering_ghost_sewer_d
D:6:      gammafunk_steamed_eel, layout_cave_pools, chequers_ossuary_entry_cave,
          uniq_prince_ribbit1
Temple:   hc_temple_tempest_star

Skill      XL: |  1  2  3  4  5  6  7  8  9 |
---------------+----------------------------+-----
Long Blades    | 3 |  3.7
Throwing       | 2 3 4 |  4.3
Dodging        | 4 |  4.5
Fighting       | 3 4 5 |  5.3
Spellcasting   | 1 2 3 |  3.2
Armour         | 2 3 |  3.8
Short Blades   | 1 3 |  3.5
Invocations    | 1 2 3 |  3.3

Action                   |  1- 3 |  4- 6 |  7- 9 || total
-------------------------+-------+-------+-------++-------
Melee: Long sword        |    76 |   223 |       ||   299
       Short sword       |       |    34 |   117 ||   151
       Dagger            |       |       |   141 ||   141
Throw: Dart              |       |       |    18 ||    18
       Boomerang         |       |       |    15 ||    15
 Cast: Sandblast         |       |       |     1 ||     1
Evoke: Wand              |       |       |     1 ||     1
  Use: Scroll            |       |       |     3 ||     3
       Potion            |       |       |     3 ||     3
 Stab: Sleeping          |     1 |       |     1 ||     2
Armor: Leather armour    |    23 |    45 |    56 ||   124
Dodge: Dodged            |    55 |   190 |   177 ||   422
       Rpst.: Long sword |    22 |    57 |       ||    79
